 Dungeon Crawl Stone Soup version 0.22.0-60-ga52c2fc (webtiles) character file.

41724 dvd the Basher (level 13, -10/190 HPs)
             Began as a Troll Fighter on Sept 9, 2018.
             Was the Champion of Okawaru.
             Mangled by Snorg (13 damage)
             ... on level 1 of the Orcish Mines.
             The game lasted 00:58:05 (17032 turns).

dvd the Basher (Troll Fighter)                     Turns: 17032, Time: 00:58:06

Health: -10/190    AC: 11    Str: 33    XL:     13   Next: 81%
Magic:  13/13      EV: 14    Int:  5    God:    Okawaru [******]
Gold:   1256       SH: 16    Dex: 13    Spells: 12/12 levels left

rFire    . . .     SeeInvis .   b - +2 broad axe (chop)
rCold    + . .     Gourm    +   G - +4 shield {AC+3}
rNeg     . . .     Faith    .   e - +1 robe {MR+}
rPois    .         Spirit   .   m - +2 hat
rElec    .         Reflect  .   l - scarf {repulsion}
rCorr    .         Harm     .   (gloves unavailable)
MR       +....     Clarity  +   (boots unavailable)
Stlth    ..........             V - amulet of the acrobat
HPRegen  0.81/turn              u - ring of protection from fire
MPRegen  0.13/turn              x - ring of ice

@: berserking, repel missiles, very quick
A: large, unfitting armour, claws 3, agile 1, clarity, fast metabolism 3,
gourmand, regeneration 1, shaggy fur 1, tough skin 2
a: Heroism, Finesse, Renounce Religion


You were on level 1 of the Orcish Mines.
You worshipped Okawaru.
Okawaru was exalted by your worship.
You were very full.

You visited 3 branches of the dungeon, and saw 17 of its levels.
You also visited: Ice Cave.

You collected 1492 gold pieces.
You spent 236 gold pieces at shops.

Inventory:

Hand Weapons
 a - a +3 morningstar of draining
 b - a +2 broad axe of chopping (weapon)
 c - a +0 mace of holy wrath
 Q - a +3 hand crossbow of flaming
Missiles
 D - 6 tomahawks of returning
 F - 10 tomahawks
 L - 8 large rocks (quivered)
 S - 5 javelins
Armour
 e - a +1 robe of magic resistance (worn)
 l - a scarf of repulsion (worn)
 m - a +2 hat (worn)
 o - a +0 cloak
 q - the +1 robe of Greed {rPois}
   (You bought it in a shop on level 11 of the Dungeon)

   It protects you from poison.
 G - a +4 shield of protection (worn)
 K - a +1 animal skin of cold resistance
Magical Staves
 I - an uncursed staff of conjuration
 U - an uncursed staff of poison
Jewellery
 j - an uncursed ring of flight
 u - a ring of protection from fire (left claw)
 v - an uncursed ring of fire
 x - a ring of ice (right claw)
 E - a cursed ring of ice
 N - a +1 ring of protection
 V - an amulet of the acrobat (around neck)
Wands
 k - a wand of clouds (4)
 w - a wand of random effects (66)
 y - a wand of scattershot (1)
 A - a wand of paralysis (22)
 C - a wand of enslavement (18)
 H - a wand of iceblast (20)
 R - a wand of flame (27)
 W - a wand of polymorph (8)
 Y - a wand of acid (18)
Scrolls
 g - 13 scrolls of identify
 s - 12 scrolls of remove curse
 t - 4 scrolls of teleportation
 B - 2 scrolls of amnesia
 J - a scroll of fog
Potions
 d - 2 potions of mutation
 h - a potion of heal wounds
 i - 8 potions of curing
 n - 2 potions of cancellation
 z - 3 potions of berserk rage
 M - a potion of brilliance
 O - 3 potions of magic {unknown}
 T - a potion of ambrosia {unknown}
Miscellaneous
 P - a phial of floods
Comestibles
 f - 24 rations
 p - 5 chunks of flesh


   Skills:
 + Level 8.1 Fighting
 + Level 7.9(10.2) Axes
 + Level 11.1(12.2) Maces & Flails
 + Level 6.1 Throwing
 + Level 8.6 Dodging
 + Level 2.3 Stealth
 + Level 9.4 Shields
 + Level 2.4 Invocations
 + Level 1.0 Evocations


You had 12 spell levels left.
You didn't know any spells.
Your spell library contained the following spells:

 Spells                   Type           Power        Failure   Level  Hunger
 Magic Dart               Conj           #...         47%         1    ##.....
 Sandblast                Erth           #.....       47%         1    ##.....
 Passwall                 Tmut/Erth      #.......     63%         2    ###....
 Searing Ray              Conj           #.....       63%         2    ###....
 Dazzling Spray           Conj/Hex       #.....       85%         3    ####...
 Stone Arrow              Conj/Erth      #.....       85%         3    ####...
 Force Lance              Conj/Tloc      #.......     99%         4    #####..
 Fulminant Prism          Conj/Hex       #.........   99%         4    #####..
 Iskenderun's Mystic Bla  Conj           #.......     99%         4    #####..
 Petrify                  Tmut/Erth      #.......     99%         4    #####..
 Lee's Rapid Deconstruct  Erth           #.........   100%        5    ######.


Dungeon Overview and Level Annotations

Branches:
Dungeon (11/15)            Temple (0/1) D:5            Lair (5/6) D:8
 Shoals (0/4) Lair:2        Snake (0/4) Lair:2        Slime (0/5) Lair:5
    Orc (1/2) D:11

Altars:
Ashenzari
Elyvilon
Gozag
Makhleb
Nemelex Xobeh
Okawaru
Qazlal
Ru
Vehumet
Wu Jian
Yredelemnul
Beogh

Shops:
D:11 ?[

Annotations:
Orc:1 1 transporter, Snorg


Innate Abilities, Weirdness & Mutations

You are too large for most types of armour.
You have claws for hands.
Your metabolism is lightning-fast.
You like to eat raw meat.
Your natural rate of healing is unusually fast.
You are covered in fur. (AC +1)
You have very tough skin. (AC +2)
You are agile. (Dex +2)
You possess an exceptional clarity of mind.


Message History

Snorg is severely wounded.
Snorg bites you!
* * * LOW HITPOINT WARNING * * *
You block Snorg's attack. x2
You slice Snorg!!
Snorg is almost dead.
You block Snorg's attack. x2; Snorg closely misses you.
You barely miss Snorg.
Snorg is almost dead.
Snorg bites you.
* * * LOW HITPOINT WARNING * * *
You block Snorg's attack. Snorg claws you.
* * * LOW HITPOINT WARNING * * *
You closely miss Snorg.
Snorg is almost dead.
You block Snorg's attack. Snorg misses you. You block Snorg's attack.
You slash Snorg!
Snorg is almost dead.
You block Snorg's attack. Snorg claws you!
You die...

### ### ##.#####.######
#
####.....#....#..###.##
#.###.............$...#.
...##..........)......$.
................@.......
....#..........#.T......
.................#......
........................
........................
.##....................#
##......................
#...##....©...........


You could see Snorg (berserk).

Vanquished Creatures
  Gastronok (Lair:3)
  A frost giant (IceCv)
  Josephine (Lair:5)
  3 hydras
  Harold (D:10)
  A centaur warrior (D:9)
  A catoblepas (Lair:5)
  Erica (D:9)
  2 oklob plants (Lair:1)
  An ice statue (IceCv)
  A gargoyle (D:11)
  10 spiny frogs
  13 komodo dragons
  A troll (Orc:1)
  A queen bee (D:9)
  23 polar bears
  A hornet (D:10)
  Prince Ribbit (D:5)
  11 blink frogs
  5 hippogriffs
  2 shadows (D:11)
  4 wraiths (Lair:5)
  42 yaks
  3 wyverns
  2 basilisks
  A steam dragon (D:10)
  Menkaure (D:7)
  A warg (Orc:1)
  5 water moccasins
  7 porcupines
  3 ice beasts
  3 orc warriors
  A sky beast (D:9)
  7 ogres
  An eye of draining (D:11)
  15 wolves (IceCv)
  12 centaurs
  9 crocodiles
  A wyvern zombie (D:9)
  16 bullfrogs
  A scorpion (D:10)
  18 killer bees (D:9)
  An electric eel (Lair:2)
  6 crimson imps
  Crazy Yiuf (D:2)
  4 jellies
  A quasit (D:10)
  2 bullfrog skeletons
  5 centaur skeletons
  6 orc priests
  6 orc wizards
  6 iguanas
  4 worker ants
  2 hound zombies
  A hound skeleton (D:4)
  Robin (D:2)
  15 adders
  9 gnolls
  5 shadow imps
  12 white imps (Lair:5)
  11 oozes (D:3)
  An adder skeleton (D:10)
  An adder zombie (D:1)
  3 worms
  2 dart slugs
  4 leopard geckos
  57 orcs
  5 bats
  6 giant cockroaches
  20 goblins
  11 hobgoblins
  6 jackals (D:2)
  18 kobolds
  5 quokkas
  A ball python (D:4)
  A ball python skeleton (D:4)
  2 frilled lizards
  A giant cockroach zombie (D:1)
  A leopard gecko skeleton (D:8)
  3 rats
  2 fungi
  3 plants
486 creatures vanquished.

Vanquished Creatures (others)
  A bullfrog (Lair:5)
  An orc wizard (D:9)
  5 fungi
  3 plants
  6 toadstools (D:3)
16 creatures vanquished.

Grand Total: 502 creatures vanquished

Notes
Turn   | Place    | Note
-------+----------+-------------------------------------------
     0 | D:1      | dvd the Troll Fighter began the quest for the Orb.
     0 | D:1      | Reached XP level 1. HP: 22/22 MP: 0/0
   170 | D:1      | Reached XP level 2. HP: 25/29 MP: 1/1
   213 | D:1      | Reached skill level 2 in Maces & Flails
   385 | D:1      | Reached XP level 3. HP: 35/36 MP: 2/2
   853 | D:2      | Noticed Robin
   914 | D:2      | Killed Robin
   968 | D:2      | Found a radiant altar of Vehumet.
   982 | D:2      | Reached XP level 4. HP: 39/44 MP: 3/3
  1005 | D:2      | Found a shattered altar of Ashenzari.
  1053 | D:2      | Found a runed door.
  1057 | D:2      | Noticed Crazy Yiuf
  1066 | D:2      | Killed Crazy Yiuf
  1117 | D:2      | Reached skill level 3 in Maces & Flails
  1286 | D:2      | Reached XP level 5. HP: 29/53 MP: 4/4
  1483 | D:2      | Found an iron altar of Okawaru.
  1495 | D:2      | Became a worshipper of Warmaster Okawaru
  1598 | D:2      | Found an ornate altar of the Wu Jian Council.
  2081 | D:3      | Noticed an ice beast
  2082 | D:3      | Found a white marble altar of Elyvilon.
  2201 | D:2      | Killed an ice beast
  2240 | D:3      | Reached XP level 6. HP: 61/61 MP: 5/5
  2848 | D:3      | Reached skill level 1 in Axes
  2935 | D:4      | Reached skill level 4 in Maces & Flails
  3166 | D:4      | Reached * piety under Okawaru
  3166 | D:4      | Reached XP level 7. HP: 66/68 MP: 6/6
  3924 | D:5      | Entered Level 5 of the Dungeon
  3999 | D:5      | Noticed Prince Ribbit
  4020 | D:5      | Killed Prince Ribbit
  4020 | D:5      | Reached skill level 5 in Maces & Flails
  4142 | D:5      | Reached XP level 8. HP: 78/78 MP: 4/7
  4973 | D:5      | Found a sacrificial altar of Ru.
  5027 | D:5      | Found a staircase to the Ecumenical Temple.
  5347 | D:6      | Found a burning altar of Makhleb.
  5623 | D:7      | Noticed a hippogriff
  5631 | D:7      | Killed a hippogriff
  5631 | D:7      | Reached skill level 1 in Throwing
  5669 | D:7      | Reached skill level 6 in Maces & Flails
  5674 | D:7      | Reached ** piety under Okawaru
  5674 | D:7      | Reached skill level 1 in Stealth
  5719 | D:7      | Found a sparkling altar of Nemelex Xobeh.
  5782 | D:7      | Noticed Menkaure
  5797 | D:7      | Killed Menkaure
  5797 | D:7      | Reached skill level 5 in Shields
  5896 | D:7      | Found a basalt altar of Yredelemnul.
  6752 | D:8      | Noticed a hippogriff
  6757 | D:8      | Reached XP level 9. HP: 83/85 MP: 8/8
  7038 | D:8      | Found a staircase to the Lair.
  7063 | Lair:1   | Entered Level 1 of the Lair of Beasts
  7171 | Lair:1   | Reached skill level 5 in Dodging
  7285 | D:8      | Reached skill level 1 in Invocations
  7464 | Lair:1   | Noticed a spiny frog
  7476 | Lair:1   | Killed a spiny frog
  7476 | Lair:1   | Reached skill level 5 in Fighting
  7476 | Lair:1   | Reached skill level 7 in Maces & Flails
  7516 | Lair:1   | Noticed a komodo dragon
  7537 | Lair:1   | Killed a komodo dragon
  7610 | Lair:1   | Reached XP level 10. HP: 58/96 MP: 7/9
  7624 | Lair:1   | Reached *** piety under Okawaru
  7768 | Lair:1   | Noticed a spiny frog
  7782 | Lair:1   | Killed a spiny frog
  7782 | Lair:1   | Reached skill level 8 in Maces & Flails
  7841 | Lair:1   | Noticed a spiny frog
  7854 | Lair:1   | Killed a spiny frog
  7970 | Lair:1   | Noticed a spiny frog
  7981 | Lair:1   | Killed a spiny frog
  8041 | Lair:1   | Noticed an oklob plant
  8041 | Lair:1   | Noticed an oklob plant
  8078 | Lair:1   | Noticed a spiny frog
  8090 | Lair:1   | Killed a spiny frog
  8357 | Lair:1   | Reached **** piety under Okawaru
  8711 | Lair:2   | Found a staircase to the Shoals.
  9011 | Lair:2   | Found a staircase to the Snake Pit.
  9565 | Lair:2   | Gained mutation: You are agile. (Dex +2) [potion of
                  | mutation]
  9565 | Lair:2   | Gained mutation: You possess an exceptional clarity of
                  | mind. [potion of mutation]
 10041 | Lair:3   | Noticed a five-headed hydra
 10070 | Lair:2   | Killed a five-headed hydra
 10070 | Lair:2   | Reached XP level 11. HP: 32/105 MP: 8/11
 10260 | Lair:3   | Noticed Gastronok
 10282 | Lair:3   | Killed Gastronok
 10282 | Lair:3   | Reached ***** piety under Okawaru
 10282 | Lair:3   | Reached skill level 9 in Maces & Flails
 10435 | Lair:3   | Received a gift from Okawaru
 10450 | Lair:3   | Reached skill level 5 in Axes
 10483 | Lair:3   | Found an opulent altar of Gozag.
 11367 | Lair:4   | Received a gift from Okawaru
 11447 | Lair:4   | Received a gift from Okawaru
 11622 | Lair:4   | Reached XP level 12. HP: 118/118 MP: 12/12
 11903 | Lair:4   | Noticed an eight-headed hydra
 11913 | Lair:4   | Killed an eight-headed hydra
 12287 | Lair:4   | Identified a scroll of acquirement
 12413 | Lair:5   | Noticed Josephine
 12424 | Lair:5   | Noticed a catoblepas
 12574 | Lair:5   | Found a frozen archway.
 12591 | Lair:5   | Received a gift from Okawaru
 12734 | IceCv    | Entered an ice cave
 12838 | IceCv    | Received a gift from Okawaru
 13234 | IceCv    | Reached skill level 10 in Maces & Flails
 13305 | IceCv    | Reached ****** piety under Okawaru
 13641 | IceCv    | Received a gift from Okawaru
 13641 | IceCv    | Reached XP level 13. HP: 120/124 MP: 13/13
 13661 | IceCv    | Noticed a frost giant
 13693 | IceCv    | Killed a frost giant
 14028 | Lair:5   | Killed Josephine
 14030 | Lair:5   | Received a gift from Okawaru
 14392 | Lair:5   | Found a staircase to the Slime Pits.
 15015 | D:9      | Received a gift from Okawaru
 15040 | D:9      | Reached skill level 5 in Throwing
 15123 | D:9      | Reached skill level 1 in Evocations
 15238 | D:9      | Noticed Erica
 15278 | D:9      | Killed Erica
 15390 | D:9      | Found a stormy altar of Qazlal.
 15549 | D:9      | Received a gift from Okawaru
 15635 | D:10     | Entered Level 10 of the Dungeon
 15704 | D:10     | Noticed Harold
 15708 | D:10     | Killed Harold
 16327 | D:11     | Found Goas's Magic Scroll Boutique.
 16368 | D:11     | Reached skill level 11 in Maces & Flails
 16545 | D:11     | Found a staircase to the Orcish Mines.
 16561 | D:11     | Found Acuulud's Armour Shop.
 16569 | D:11     | Bought the +1 robe of Greed {rPois} for 236 gold pieces
 16838 | Orc:1    | Entered Level 1 of the Orcish Mines
 16855 | Orc:1    | Found a roughly hewn altar of Beogh.
 17012 | Orc:1    | Noticed Snorg
 17017 | Orc:1    | Found a transporter.
 17023 | Orc:1    | HP: 5/127 [Snorg (22)]
 17028 | Orc:1    | HP: 9/190 [Snorg (9)]
 17030 | Orc:1    | HP: 4/190 [Snorg (6)]
 17032 | Orc:1    | Mangled by Snorg

Skill      XL: |  1  2  3  4  5  6  7  8  9 10 11 12 13 |
---------------+----------------------------------------+-----
Maces & Flails | 2 3 4 5 6 7 8 9 10 11 | 11.1
Dodging        | 3 4 5 6 7 8 |  8.6
Shields        | 3 4 5 6 7 8 9 |  9.4
Fighting       | 3 4 5 6 7 8 |  8.1
Axes           | 1 2 4 6 7 |  7.9
Throwing       | 2 3 4 6 |  6.1
Stealth        | 1 2 |  2.3
Invocations    | 1 2 |  2.4
Evocations     | 1 |  1.0

Action                   |  1- 3 |  4- 6 |  7- 9 | 10-12 | 13-15 || total
-------------------------+-------+-------+-------+-------+-------++-------
Melee: Flail             |   111 |   306 |   384 |   151 |       ||   952
       Hand axe          |       |    28 |    10 |       |       ||    38
       Mace              |       |       |    29 |    37 |       ||    66
       Broad axe         |       |       |    19 |   173 |    98 ||   290
       Morningstar       |       |       |       |   239 |   201 ||   440
Throw: Stone             |       |     1 |       |       |       ||     1
       Tomahawk          |       |       |    39 |    35 |    10 ||    84
       Large rock        |       |       |       |    85 |    98 ||   183
Invok: Heroism           |       |       |    18 |    27 |     8 ||    53
Evoke: Wand              |       |       |       |    13 |     3 ||    16
  Use: Potion            |     1 |       |     2 |    11 |     4 ||    18
       Scroll            |       |       |       |    16 |     6 ||    22
 Stab: Sleeping          |       |       |     1 |       |     1 ||     2
       Paralysed         |       |       |       |     3 |       ||     3
  Eat: Chunk             |    15 |    21 |    27 |    55 |    31 ||   149
       Ration            |       |       |     3 |     2 |       ||     5
Armor: Robe              |    36 |   132 |   119 |   149 |    56 ||   492
Dodge: Dodged            |    37 |   106 |   187 |   328 |   135 ||   793
       Deflected         |       |       |       |       |     4 ||     4
Block: Shield            |    56 |   173 |   294 |   476 |   246 ||  1245
